 Dungeon Crawl Stone Soup version 0.17.1-1-g73c8601 (webtiles) character file.

117 Rationalist the Shield-Bearer (level 5, -2/42 HPs)
             Began as a Formicid Fighter on Dec 13, 2015.
             Slain by a worker ant (4 damage)
             ... on level 4 of the Dungeon.
             The game lasted 00:06:04 (3072 turns).

Rationalist the Shield-Bearer (Formicid Fighter)    Turns: 3072, Time: 00:06:05

Health: -2/42      AC:  7    Str: 20    XL:     5   Next: 22%
Magic:  5/5        EV:  8    Int:  8    God:
Gold:   91         SH:  9    Dex: 11    Spells: 0 memorised, 4 levels left

rFire  . . .     SeeInvis +     a - +0 war axe
rCold  . . .     Clarity  .     b - +0 scale mail
rNeg   . . .     SustAt   .     c - +0 shield
rPois  .         Gourm    .     (helmet unavailable)
rElec  .         Spirit   .     (no cloak)
rCorr  .         Warding  .     (no gloves)
rMut   .         Stasis   +     (no boots)
MR     +....                    (no amulet)
Stlth  ..........               (no ring)
                                o - ring of protection from magic

@: lethally poisoned (-2 -> -20), somewhat resistant to hostile enchantments,
extremely unstealthy
A: permanent stasis, dig shafts and tunnels, four strong arms, antennae 3
a: Dig, Shaft Self


You were on level 4 of the Dungeon.
You were not hungry.

You visited 1 branch of the dungeon, and saw 4 of its levels.

You collected 91 gold pieces.

Inventory:

Hand Weapons
 a - a +0 war axe (weapon)
Armour
 b - a +0 scale mail (worn)
 c - a +0 shield (worn)
Jewellery
 o - a ring of protection from magic (left hand)
 w - a cursed ring of teleportation {unknown}
Wands
 k - a wand of polymorph (11)
 u - a wand of slowing (26)
Scrolls
 g - a scroll of enchant armour {unknown}
 h - 8 scrolls of identify {unknown}
 i - a scroll of magic mapping {unknown}
 r - 3 scrolls of teleportation {unknown}
 t - 2 scrolls of blinking {unknown}
 v - a scroll of amnesia {unknown}
 y - a scroll of remove curse {unknown}
Potions
 d - 2 potions of might
 f - a potion of lignification {unknown}
 j - a potion of brilliance {unknown}
 p - a potion of magic {unknown}
 q - a potion of flight {unknown}
 s - 2 potions of ambrosia {unknown}
 z - a potion of poison
 A - 2 potions of haste
 B - a potion of heal wounds {unknown}
Comestibles
 e - 2 bread rations
 l - 3 fruits
 m - 2 royal jellies
 n - 2 meat rations
 x - a chunk of flesh


   Skills:
 + Level 4.1 Fighting
 + Level 2.4 Axes
 + Level 4.0 Armour
 + Level 1.2 Dodging
 + Level 4.7 Shields


You had 4 spell levels left.
You didn't know any spells.

Dungeon Overview and Level Annotations

Branches:
Dungeon (4/15)
 Temple: D:4-7

Altars:
Dithmenos
The Shining One


Innate Abilities, Weirdness & Mutations

You are under a permanent stasis effect.
You can dig through walls and to a lower floor.
Your four strong arms can wield two-handed weapons with a shield.
You have a pair of large antennae on your head (SInv).


Message History

Your Dodging skill increases to level 1!
You have reached level 5!
The iguana bites you but does no damage.
The worker ant bites you but does no damage.
You barely miss the iguana.
The iguana is almost dead.
You closely miss the worker ant.
You feel sick. The iguana bites you.
* * * LOW HITPOINT WARNING * * *
You block the worker ant's attack.
Unknown command.
Drink which item? (? for menu, Esc to quit)
It was a potion of haste.
This potion cannot work under stasis.
Drink which item? (? for menu, Esc to quit)
It was a potion of poison.
That liquid tasted very nasty...
You are lethally poisoned!
* * * LOW HITPOINT WARNING * * *
You feel sick. You block the worker ant's attack. The iguana barely misses you.
The worker ant bites you.
You die...

.... ..... #...$
.....##### .#
#......l@# .#
##....##a###.##
#...##....#...## #
#.. ##............# #
..#.......#...#.##
#...#....## ....
##......## #..#
##..#...###...#
#..##...#...#########


You could see an iguana and a worker ant.

Vanquished Creatures
  A worker ant (D:4)
  4 adders
  A giant gecko (D:2)
  2 orcs (D:3)
  5 giant cockroaches (D:3)
  4 hobgoblins
  2 kobolds
  A quokka (D:2)
  2 ball pythons (D:3)
  5 bats
  3 giant newts
  3 goblins
  11 jackals
  10 rats
54 creatures vanquished.

Notes
Turn   | Place    | Note
--------------------------------------------------------------
     0 | D:1      | Rationalist the Formicid Fighter began the quest for the Orb.
     0 | D:1      | Reached XP level 1. HP: 18/18 MP: 1/1
   510 | D:1      | Found a glowing golden altar of the Shining One.
   555 | D:1      | Reached XP level 2. HP: 24/24 MP: 2/2
  1049 | D:2      | Reached skill level 4 in Shields
  1049 | D:2      | Reached XP level 3. HP: 19/30 MP: 3/3
  1230 | D:2      | Reached XP level 4. HP: 18/37 MP: 4/4
  1852 | D:2      | Found a shadowy altar of Dithmenos.
  3070 | D:4      | Reached skill level 1 in Dodging
  3070 | D:4      | Reached XP level 5. HP: 9/42 MP: 5/5
  3072 | D:4      | HP: 2/42 [poison (a potion of poison)]
  3072 | D:4      | Slain by a worker ant

Action                   |  1- 3 |  4- 6 || total
-------------------------+-------+-------++-------
Melee: War axe           |    75 |    69 ||   144
  Use: Potion            |       |     1 ||     1
  Eat: Chunk             |     1 |     4 ||     5
       Beef jerky        |       |     1 ||     1
